 Dungeon Crawl Stone Soup version 0.30-a0-50-gb2d611f6b1 (webtiles) character file.

Game seed: 4487898898460925827

118 lesbiats the Trooper (level 4, 0/45 HPs)
             Began as a Troll Fighter on Sept 4, 2022.
             Slain by Robin
             ... wielding a +0 vorpal mace
              (3 damage)
             ... on level 3 of the Dungeon.
             The game lasted 00:05:06 (1602 turns).

lesbiats the Trooper (Troll Fighter)                Turns: 1602, Time: 00:05:06

Health: 0/45       AC:  4    Str: 26    XL:     4   Next: 72%
Magic:  3/3        EV:  9    Int:  4    God:
Gold:   104        SH:  7    Dex:  9    Spells: 3/3 levels left

rFire   . . .      SeeInvis .    a - +0 flail
rCold   . . .      Faith    .    c - +0 kite shield
rNeg    . . .      Spirit   .    b - +0 robe
rPois   .          Reflect  .    (helmet restricted)
rElec   .          Harm     .    (no cloak)
rCorr   .          Rampage  .    (gloves unavailable)
Will    .....                    (boots unavailable)
Stlth   +.........               (no amulet)
HPRegen 0.95/turn                (no ring)
MPRegen 0.08/turn                (no ring)

@: no status effects
A: large, unfitting armour, claws 3, regeneration 1, shaggy fur 1, tough skin 1
a: no special abilities


You were on level 3 of the Dungeon.
You visited 1 branch of the dungeon, and saw 3 of its levels.

You collected 104 gold pieces.

Inventory:

Hand Weapons
 a - a +0 flail (weapon)
Missiles
 i - 11 stones (quivered)
 q - 5 boomerangs
Armour
 b - a +0 robe (worn)
 c - a +0 kite shield (worn)
Scrolls
 e - a scroll of blinking {unknown}
 f - 3 scrolls of identify
 g - 2 scrolls of teleportation
 j - a scroll of noise {unknown}
 l - 2 scrolls of poison {unknown}
 m - 2 scrolls of amnesia {unknown}
 p - a scroll of enchant armour {unknown}
 r - a scroll of fear {unknown}
Potions
 d - a potion of might
 h - a potion of haste {unknown}
 k - a potion of lignification {unknown}
 n - a potion of magic {unknown}
 o - a potion of ambrosia {unknown}


   Skills:
 + Level 3.3 Fighting
 + Level 3.0 Maces & Flails
 + Level 3.2 Dodging
 - Level 2.6 Shields


You had 3 spell levels left.
You didn't know any spells.
Your spell library contained the following spells:

 Spells                   Type           Power      Damage    Failure   Level
 Summon Guardian Golem    Hex/Summ       0%         N/A       99%         3
 Fireball                 Conj/Fire      0%         3d3       100%        5
 Starburst                Conj/Fire      0%         6d3       100%        6
 Orb of Destruction       Conj           0%         9d5       100%        7
 Spellforged Servitor     Conj/Summ      0%         N/A       100%        7
 Ignition                 Fire           0%         3d3       100%        8


Dungeon Overview and Level Annotations

Branches:
Dungeon (3/15)

Altars:

Annotations:
D:3 Robin


Innate Abilities, Weirdness & Mutations

You are too large for most types of armour.
You have claws for hands.
Your natural rate of healing is unusually fast.
You are covered in fur. (AC +1)
You have tough skin. (AC +1)


Message History

Robin roars a battlecry!
The goblins go into a battle-frenzy!
You block the goblin's attack. The goblin barely misses you.
The goblin hits you but does no damage. x2
The goblin hits you with a +0 dagger.
You sock the goblin!
You kill the goblin!
The goblin barely misses you. You block the goblin's attack.
You closely miss the goblin. The goblin hits you with a +0 club.
You block the goblin's attack. The goblin hits you but does no damage.
The goblin hits you with a +0 dagger. The goblin hits you but does no damage.
The goblin hits you with a +0 club.
* * * LOW HITPOINT WARNING * * *
You barely miss the goblin. The goblin barely misses you.
The goblin hits you but does no damage. The goblin hits you with a +0 dagger.
* * * LOW HITPOINT WARNING * * *
You hit the goblin.
You kill the goblin!
The goblin hits you with a +0 dagger.
* * * LOW HITPOINT WARNING * * *
The goblin hits you but does no damage.
Your Maces & Flails skill increases to level 3!
You hit Robin.
Robin is lightly wounded.
The goblin hits you with a +0 dagger.
* * * LOW HITPOINT WARNING * * *
You block Robin's attack. The goblin hits you with a +0 dagger.
* * * LOW HITPOINT WARNING * * *
The goblin hits you with a +0 dagger.
* * * LOW HITPOINT WARNING * * *
You block the goblin's attack.
You sock Robin!
Robin is severely wounded.
The goblin completely misses you. Robin closely misses you.
The goblin barely misses you.
As you read the scroll labelled OXKENU DUFFAMA, it crumbles to dust.
It is a scroll of identify.
g - 2 scrolls of teleportation You block the goblin's attack.
Robin hits you with a +0 vorpal mace.
You die... #...........###.............. #...........# ##............. #...........# #............. #...........# #.#####.##.... #...........# #.### #.##.##. #...........# #...# #.##.##. ############## ###g# #.##.... #ggg#

#.###.#####. #########.#@#
#.#.........
.......ggg#g#####.#########.
..)...g.g.gg......#.......#.
......gg..#.#######.#####.#.
.........$#.#......†# #.#.
..........#.#.####### ##.#.
..........#.#.# #....
..>.......#.#.# #..##
..........#.#.# #....


You could see Robin and 5 goblins.

Vanquished Creatures
  3 gnolls (D:3)
  2 adders
  2 worms (D:2)
  A dart slug (D:1)
  An orc (D:3)
  3 ball pythons (D:2)
  3 bats
  2 endoplasms
  9 giant cockroaches (D:2)
  13 goblins
  7 hobgoblins
  2 quokkas
  3 frilled lizards
  5 kobolds
  2 rats
58 creatures vanquished.

Notes
Turn   | Place    | Note
-------+----------+-------------------------------------------
     0 | D:1      | lesbiats the Troll Fighter began the quest for the Orb.
     0 | D:1      | Reached XP level 1. HP: 22/22 MP: 0/0
   230 | D:1      | Reached XP level 2. HP: 29/29 MP: 1/1
   847 | D:2      | Reached XP level 3. HP: 36/36 MP: 2/2
   874 | D:2      | Found a faded altar of an unknown god.
  1314 | D:3      | Reached XP level 4. HP: 45/45 MP: 3/3
  1575 | D:3      | Noticed Robin
  1600 | D:3      | HP: 1/45 [goblin/+0 dagger[Robin] (3)]
  1602 | D:3      | Slain by Robin

Illustrated notes

Levels and vault maps discovered:
D:1:      kilobyte_arrival_exit_the_forest, layout_loops_ring
D:2:      minmay_roachtagon, layout_rooms, shapermc_ecumenical_altar_pompeii
D:3:      layout_basic, uniq_robin

Skill      XL: |  1  2  3  4 |
---------------+-------------+-----
Maces & Flails | 2 3 |  3.0
Fighting       | 3 |  3.3
Dodging        | 3 |  3.2
Shields        | |  2.6

Action                   |  1- 3 |  4- 6 || total
-------------------------+-------+-------++-------
Melee: Flail             |   124 |    44 ||   168
  Use: Scroll            |       |     1 ||     1
 Stab: Sleeping          |     1 |     1 ||     2
Armor: Robe              |    63 |    21 ||    84
Dodge: Dodged            |    64 |    37 ||   101
Block: Kite shield       |    63 |    34 ||    97

Table legend: (Time is in decaauts)
 A = Elapsed time spent in this place.
 B = Non-inter-level travel time spent in this place.
 C = Inter-level travel time spent in this place.
 D = Time resting spent in this place.
 E = Time spent auto-exploring this place.
 F = Levels seen in this place.
 G = Mean time per level.
                   A        B        C        D        E       F      G
               +--------+--------+--------+--------+--------+-----+--------+
         Total |   1683 |   1612 |     71 |     67 |   1105 |   3 |  561.0 |
       Dungeon |   1683 |   1612 |     71 |     67 |   1105 |   3 |  561.0 |
               +--------+--------+--------+--------+--------+-----+--------+

Top non-repeatable levels by time:
     D:1: 840 daAuts
     D:2: 532 daAuts
     D:3: 310 daAuts
